 Dungeon Crawl Stone Soup version 0.21.0-3-g78d12a8bdd (webtiles) character file.

38 GordonOverkill the Skirmisher (level 3, 0/31 HPs)
             Began as a Centaur Wizard on Jan 12, 2018.
             Slain by a worm (4 damage)
             ... on level 2 of the Dungeon.
             The game lasted 00:02:46 (2488 turns).

GordonOverkill the Skirmisher (Centaur Wizard)      Turns: 2488, Time: 00:02:46

Health: 0/31       AC:  5    Str: 10    XL:     3   Next: 25%
Magic:  0/6        EV:  9    Int: 17    God:
Gold:   30         SH:  0    Dex:  7    Spells: 5/6 levels left

rFire    . . .     SeeInvis .   g - +0 club
rCold    . . .     Gourm    .   (no shield)
rNeg     . . .     Faith    .   a - +0 robe
rPois    .         Spirit   .   b - +0 hat
rElec    .         Reflect  .   (no cloak)
rCorr    .         Harm     .   q - +0 pair of gloves
MR       .....                  (no barding)
Stlth    +.........             (no amulet)
HPRegen  0.10/turn              (no ring)
MPRegen  0.10/turn              (no ring)

@: very quick
A: large, hooves 3, deformed body, speed 2, tough skin 3
a: no special abilities


You were on level 2 of the Dungeon.
You were not hungry.

You visited 1 branch of the dungeon, and saw 2 of its levels.

You collected 30 gold pieces.

Inventory:

Hand Weapons
 g - a +0 club (weapon)
Missiles
 j - 99 stones
 o - 17 sling bullets
 x - 7 javelins (quivered)
Armour
 a - a +0 robe (worn)
 b - a +0 hat (worn)
 l - a +0 ring mail
 q - a +0 pair of gloves (worn)
Jewellery
 s - an uncursed ring of magical power {unknown}
 u - an uncursed amulet of regeneration {unknown}
Scrolls
 f - 2 scrolls of fog {unknown}
 h - a scroll of enchant armour {unknown}
 m - 3 scrolls of identify {unknown}
 r - a scroll of remove curse {unknown}
 t - 2 scrolls of teleportation {unknown}
 w - a scroll of magic mapping {unknown}
 y - a scroll of immolation {unknown}
Potions
 e - a potion of flight {unknown}
 i - a potion of magic {unknown}
 k - 2 potions of ambrosia {unknown}
 n - 3 potions of curing {unknown}
 p - a potion of haste {unknown}
 v - a potion of degeneration {unknown}
Books
 c - a book of Minor Magic

   Spells                             Type                      Level
   a - Magic Dart                     Conjuration                  1
   b - Blink                          Translocation                2
   c - Call Imp                       Summoning                    2
   d - Slow                           Hexes                        2
   e - Conjure Flame                  Conjuration/Fire             3
   f - Mephitic Cloud                 Conjuration/Poison/Air       3
Comestibles
 d - 3 rations
 z - 3 chunks of flesh


   Skills:
 + Level 3.0 Fighting
 - Level 1.3 Dodging
 - Level 1.1 Stealth
 - Level 2.4 Spellcasting
 - Level 0.8 Conjurations
   Level 0.8 Summonings
   Level 0.8 Translocations


You had 5 spell levels left.
You knew the following spells:

 Your Spells              Type           Power        Failure   Level  Hunger
a - Magic Dart            Conj           #...         13%         1    #......


Dungeon Overview and Level Annotations

Branches:
Dungeon (2/15)

Altars:


Innate Abilities, Weirdness & Mutations

You have hooves in place of feet.
Armour fits poorly on your strangely shaped body.
You cover ground very quickly.
You have extremely tough skin. (AC +3)


Message History

* * * LOW HITPOINT WARNING * * *
Casting: Magic Dart
Confirm with . or Enter, or press ? or * to list all spells.
Aiming: Magic Dart
Press: ? - help, Shift-Dir - straight line, f/p - jackal
Aim: a jackal (lightly wounded)
The magic dart hits the jackal.
The jackal is lightly wounded.
The jackal barely misses you.
The jackal bites you but does no damage.
Casting: Magic Dart
Confirm with . or Enter, or press ? or * to list all spells.
You don't have enough magic to cast that spell.
Throwing (i - inventory. (,) - cycle):
x - 8 javelins (quivered)
Press: ? - help, Shift-Dir - straight line, f/p - jackal
Aim: a jackal (lightly wounded)
You throw a javelin. The javelin barely misses the jackal.
The jackal bites you but does no damage.
The worm bites you.
You die...

...##.#..#.#.)...#........#......
...##.#..#<......................
................................#
...##.#..###.....###.#######.##.#
...................... #.....
#######.######..######.# ###...
#.# #....(....... ... #.#
#.#.#h#####. .. #.# #.#.#@# . #.#
# #.#w# #.#.## #.#..# #.##.## #.
#..# ##.## #..# ##.##


You could see a worm and a jackal.

Vanquished Creatures
  A worm (D:2)
  2 dart slugs
  A leopard gecko (D:1)
  A ball python (D:2)
  3 giant cockroaches
  3 goblins
  3 hobgoblins
  2 jackals (D:2)
  2 kobolds
  A quokka (D:2)
  3 bats
  A frilled lizard (D:1)
  3 rats
26 creatures vanquished.

Notes
Turn   | Place    | Note
-------+----------+-------------------------------------------
     0 | D:1      | GordonOverkill the Centaur Wizard began the quest for the Orb.
     0 | D:1      | Reached XP level 1. HP: 14/14 MP: 3/3
   293 | D:1      | Reached skill level 1 in Fighting
   645 | D:1      | Reached XP level 2. HP: 24/24 MP: 0/5
   936 | D:1      | Reached skill level 2 in Fighting
  2055 | D:2      | Reached XP level 3. HP: 15/30 MP: 1/6
  2478 | D:2      | Reached skill level 3 in Fighting
  2488 | D:2      | Slain by a worm

Skill      XL: |  1  2  3 |
---------------+----------+-----
Fighting       | 1 2 3 |  3.0
Dodging        | |  1.3
Stealth        | |  1.1
Spellcasting   | |  2.4
Conjurations   | |  0.8
Summonings     | |  0.8
Translocations | |  0.8

Action                   || total
-------------------------++-------
Melee: Unarmed           ||    42
       Kick              ||    17
       Club              ||    68
Throw: Javelin           ||     1
 Cast: Magic Dart        ||    53
  Eat: Chunk             ||     4
Armor: Robe              ||    71
Dodge: Dodged            ||    78
